 BcadrenCrawl: Boulder Brew version 0.04.2-17-g662d9223eb (webtiles) character file.

Game seed: 433911445914987625, levelgen mode: deterministic

196 diana the Cutter (level 6, 0/39 HPs) Kobold Gladiator. Began on May 16, 2021. Slain by a jelly (3 damage) ... on level 2 of the Dungeon. The game lasted 00:01:40 (1169 turns).

diana the Cutter (Kobold Gladiator)                 Turns: 1169, Time: 00:01:41

Health: 0/39       AC:  0    Str: 11    XL:     6 ^: 238
Magic:  7/7        EV: 17    Int:  9    God:
Gold:   99         SH:  0    Dex: 19    Spells: 5/5 levels left

rFire    . . .     Vision   .   a - +0 rapier
rCold    . . .     Gourm    .   (weapon restricted)
rNeg     . . .     Faith    .   b - +0 leather armour
rPois    .         Spirit   .   c - +0 helmet
rElec    .         Reflect  .   (no cloak)
rCorr    .         Harm     .   (no gloves)
MR       .....                  (no boots)
Stlth    +.........             (no amulet)
HPRegen  0.23/turn              (no ring)
MPRegen  0.17/turn              (no ring)

@: corroded, very slow
A: small, carnivore
a: no special abilities


You were on level 2 of the Dungeon.
You were hungry.

You visited 1 branch of the dungeon, and saw 2 of its levels.

You collected 99 gold pieces.

Inventory:

Weapons
 a - a +0 rapier (weapon)
Armour
 b - a +0 leather armour (worn)
 c - a +0 helmet (worn)
Wands
 d - a wand of ensnaring (9)
Scrolls
 h - a scroll of amnesia
Potions
 e - a potion of heal wounds
 g - a potion of magic
Comestibles
 f - a ration


   Skills:
 * Level 4.7 Fighting
 + Level 4.9 Short Blades
 + Level 4.8 Dodging
 - Level 2.1 Evocations


You had 5 spell levels left.
You didn't know any spells.
Your spell library was empty.

Dungeon Overview and Level Annotations

Branches:
Dungeon (2/8)

Altars:
Fedhas Madash


Innate Abilities, Weirdness & Mutations

You are small and have problems with some larger weapons.
You are carnivorous and can eat meat at any time.


Message History

You are too injured to fight recklessly!
You are too injured to fight recklessly!
You are too injured to fight recklessly!
You are too injured to fight recklessly!
You are too injured to fight recklessly!
You are too injured to fight recklessly!
You are too injured to fight recklessly!
You are too injured to fight recklessly!
You are too injured to fight recklessly!
You hit the jelly (5).
Your hands burn (1).
You hit the jelly but do no damage. The acid corrodes you!
Your hands burn (5).
The jelly is moderately wounded. (12/17) HP The jelly misses you (0).
You puncture the jelly (9)!
Your hands burn (5).
* * * LOW HITPOINT WARNING * * *
You hit the jelly but do no damage.
Your hands burn (4).
* * * LOW HITPOINT WARNING * * *
The jelly is almost dead. (3/17) HP The jelly hits you (3).
You die...

#..≈....†≈##.≈#
#≈.......######
##≈.....≈#
#....≈≈####
#....≈##≈.###
##≈..≈#....≈##
##...#......#
#.≈≈.......#
##≈....@≈..#
##....#J..#
##.≈≈#≈..#
#####≈....
.....≈. P.....#
....... .≈..≈.#


You could see a jelly.

Vanquished Creatures
  A crocodile (D:2)
  4 giant cockroaches
  3 cinder newts (D:1)
  An ooze (D:1)
  A dart slug (D:1)
  5 leopard geckos
  An adder skeleton (D:2)
  8 bats
  A cinder newt skeleton (D:2)
  3 goblins (D:1)
  3 hobgoblins (D:1)
  2 ball pythons (D:1)
  2 kobolds (D:1)
  5 rats (D:1)
  3 bushes (D:1)
  3 plants (D:1)
46 creatures vanquished.

Vanquished Creatures (others)
  2 kobolds (D:2)
  A bush (D:1)
  57 withered plants (D:2)
60 creatures vanquished.

Grand Total: 106 creatures vanquished

Notes
Turn   | Place    | Note
-------+----------+-------------------------------------------
     0 | D:1      | diana the Kobold Gladiator began the quest for the Orb.
     0 | D:1      | Reached XP level 1. HP: 12/12 MP: 2/2
    28 | D:1      | Reached XP level 2. HP: 17/18 MP: 3/3
    83 | D:1      | Reached XP level 3. HP: 22/22 MP: 4/4
   212 | D:1      | Reached XP level 4. HP: 24/28 MP: 5/5
   780 | D:2      | Found a blossoming altar of Fedhas.
   813 | D:2      | Reached XP level 5. HP: 33/33 MP: 6/6
  1009 | D:2      | Reached XP level 6. HP: 9/39 MP: 7/7
  1169 | D:2      | Slain by a jelly

Levels and vault maps discovered:
D:1:      dpeg_arrival_rooms_b, layout_rooms, serial_forest,
          infiniplex_forest_clump_long, infiniplex_forest_end_double,
          infiniplex_forest_lined_room_, infiniplex_forest_end_2,
          infiniplex_forest_lined_corner, infiniplex_forest_corner_1
D:2:      layout_sewer, old_standard_altar, elyvilon_niche, uniq_edmund

Skill      XL: |  1  2  3  4 |
---------------+-------------+-----
Short Blades   | 4 |  4.9
Dodging        | 4 |  4.8
Fighting       | 3 4 |  4.7
Evocations     | |  2.1

Action                   |  1- 3 |  4- 6 || total
-------------------------+-------+-------++-------
Melee: Rapier            |    20 |    52 ||    72
       Unarmed           |     8 |    22 ||    30
 Stab: Sleeping          |     1 |     3 ||     4
Armor: Leather armour    |     2 |     4 ||     6
Dodge: Dodged            |    17 |    40 ||    57
